TOP OF THE 1ST |
Erie SeaWolves batting - Pitching for Montgomery Biscuits : RHP Eric Smith
|
Pitching: RHP Eric Smith
|
|
Batting: RHB Eric Angelle
|
0-0: Foul Ball, location: 2F 0-1: Ball 1-1: Fly out, F6 (Popup, 56, EV 65.0 MPH)
|
Batting: RHB Victor Reyes
|
0-0: Ball 1-0: Ball 2-0: Fly out, F6 (Popup, 6MS, EV 86.2 MPH)
|
Batting: RHB John Evancho
|
0-0: Ball 1-0: Ball 2-0: Called Strike 2-1: Swinging Strike 2-2: Fly out, F7 (Flyball, 78M, EV 91.2 MPH)
|
Top of the 1st over - 0 runs, 0 hits, 0 errors, 0 left on base; Erie 0 - Montgomery 0 |
BOTTOM OF THE 1ST |
Montgomery Biscuits batting - Pitching for Erie SeaWolves : RHP Adam Huemmer
|
Pitching: RHP Adam Huemmer
|
|
Batting: LHB Bill McGregor
|
0-0: Called Strike 0-1: Ball 1-1: Called Strike 1-2: Strikes out swinging, 2-3 out at first.
|
Batting: LHB Mark Marvin
|
0-0: Foul Ball, location: 2F 0-1: Ball 1-1: Ball 2-1: Foul Ball, location: 2F 2-2: Ball 3-2: Fly out, F8 (Flyball, 8RD, EV 102.5 MPH)
|
Batting: SHB Lou Kroneman
|
0-0: Ball 1-0: Ball 2-0: Ball 3-0: Base on Balls
|
Batting: RHB David Ward
|
0-0: Ball 1-0: Ball 2-0: Ball 3-0: Called Strike 3-1: Base on Balls Lou Kroneman to second
|
Batting: RHB Jonathan Fraire
|
0-0: Ball 1-0: Foul Ball, location: 2F 1-1: Called Strike 1-2: Strikes out swinging
|
Bottom of the 1st over - 0 runs, 0 hits, 0 errors, 2 left on base; Erie 0 - Montgomery 0 |
TOP OF THE 2ND |
Erie SeaWolves batting - Pitching for Montgomery Biscuits : RHP Eric Smith
|
Batting: RHB Steve Clark
|
0-0: Ball 1-0: Ball 2-0: Swinging Strike 2-1: Foul Ball, location: 2F 2-2: Ball 3-2: Strikes out looking
|
Batting: RHB Aaron Cusick
|
0-0: Foul Ball, location: 2F 0-1: Foul Ball, location: 2F 0-2: Strikes out swinging
|
Batting: RHB Adam MacConnell
|
0-0: Called Strike 0-1: Ball 1-1: Ball 2-1: Ball 3-1: Called Strike 3-2: Strikes out swinging
|
Top of the 2nd over - 0 runs, 0 hits, 0 errors, 0 left on base; Erie 0 - Montgomery 0 |
BOTTOM OF THE 2ND |
Montgomery Biscuits batting - Pitching for Erie SeaWolves : RHP Adam Huemmer
|
Batting: SHB Wayne Hattan
|
0-0: Called Strike 0-1: Ball 1-1: Ball 2-1: Swinging Strike 2-2: Foul Ball, location: 2F 2-2: Ground out 5-3 (Groundball, 56, EV 106.9 MPH)
|
Batting: SHB Julio Hernandez
|
0-0: Ball 1-0: Swinging Strike 1-1: Fly out, F3 (Line Drive, 34D, EV 65.6 MPH)
|
Batting: LHB Alex Genao
|
0-0: Ball 1-0: Ground out 1-3 (Groundball, 13S, EV 66.2 MPH)
|
Bottom of the 2nd over - 0 runs, 0 hits, 0 errors, 0 left on base; Erie 0 - Montgomery 0 |
TOP OF THE 3RD |
Erie SeaWolves batting - Pitching for Montgomery Biscuits : RHP Eric Smith
|
Batting: RHB Carlos Armenteros
|
0-0: Called Strike 0-1: Ball 1-1: Foul Ball, location: 2F 1-2: Ball 2-2: Ball 3-2: Strikes out swinging
|
Batting: LHB Luis Dominguez
|
0-0: Ground out 4-3 (Groundball, 4, EV 83.1 MPH)
|
Batting: SHB Shohei Fujii
|
0-0: Ground out 4-3 (Groundball, 34D, EV 87.5 MPH)
|
Top of the 3rd over - 0 runs, 0 hits, 0 errors, 0 left on base; Erie 0 - Montgomery 0 |
BOTTOM OF THE 3RD |
Montgomery Biscuits batting - Pitching for Erie SeaWolves : RHP Adam Huemmer
|
Batting: RHB Chris Glavin
|
0-0: Ball 1-0: Swinging Strike 1-1: Foul Ball, location: 2F 1-2: Ball 2-2: Ball 3-2: Foul Ball, location: 2F 3-2: Foul Ball, location: 2F 3-2: Foul Ball, location: 2F 3-2: Foul Ball, location: 2F 3-2: Base on Balls
|
Batting: LHB Bill McGregor
|
0-0: Ball 1-0: Ball 2-0: Foul Ball, location: 2F 2-1: Foul Ball, location: 2F 2-2: Strikes out swinging
|
Batting: LHB Mark Marvin
|
0-0: Swinging Strike Passed Ball! Chris Glavin to second 0-1: Called Strike 0-2: Foul Ball, location: 2F 0-2: Ball 1-2: Ball 2-2: DOUBLE (Line Drive, 5D, EV 107.5 MPH) Chris Glavin scores
|
Batting: SHB Lou Kroneman
|
0-0: Ball 1-0: Foul Ball, location: 2F 1-1: Ball 2-1: Foul Ball, location: 2F 2-2: Strikes out swinging
|
Batting: RHB David Ward
|
0-0: Ball Passed Ball! Mark Marvin to third 1-0: Ball 2-0: Ball 3-0: Foul Ball, location: 2F 3-1: Base on Balls
|
Batting: RHB Jonathan Fraire
|
0-0: Ball 1-0: Ball 2-0: Called Strike 2-1: Ground out 4-3 (Groundball, 4, EV 84.4 MPH)
|
Bottom of the 3rd over - 1 run, 1 hit, 0 errors, 2 left on base; Erie 0 - Montgomery 1 |
TOP OF THE 4TH |
Erie SeaWolves batting - Pitching for Montgomery Biscuits : RHP Eric Smith
|
Batting: RHB Eric Angelle
|
0-0: Foul Ball, location: 2F 0-1: Ball 1-1: Foul Ball, location: 2F 1-2: Fly out, F9 (Line Drive, 89D, EV 97.5 MPH)
|
Batting: RHB Victor Reyes
|
0-0: Foul Ball, location: 2F 0-1: Ground out 6-3 (Groundball, 6, EV 81.2 MPH)
|
Batting: RHB John Evancho
|
0-0: Called Strike 0-1: TRIPLE (Flyball, 9LD, EV 106.2 MPH)
|
Batting: RHB Steve Clark
|
0-0: Ball 1-0: Swinging Strike 1-1: Swinging Strike 1-2: Strikes out looking
|
Top of the 4th over - 0 runs, 1 hit, 0 errors, 1 left on base; Erie 0 - Montgomery 1 |
BOTTOM OF THE 4TH |
Montgomery Biscuits batting - Pitching for Erie SeaWolves : RHP Adam Huemmer
|
Batting: SHB Wayne Hattan
|
0-0: Swinging Strike 0-1: Called Strike 0-2: Ball 1-2: SINGLE (Groundball, 4M, EV 104.4 MPH)
|
Batting: SHB Julio Hernandez
|
0-0: Called Strike 0-1: Swinging Strike 0-2: SINGLE (Line Drive, 8RS, EV 88.8 MPH) Wayne Hattan to second Runner from 2nd tries for 3rd, OUT! 8-5
|
Batting: LHB Alex Genao
|
0-0: Swinging Strike 0-1: Foul Ball, location: 2F 0-2: Strikes out swinging
|
Batting: RHB Chris Glavin
|
0-0: Ball Julio Hernandez steals 2nd base 1-0: Foul Ball, location: 2F 1-1: Swinging Strike 1-2: DOUBLE (Line Drive, 9LM, EV 96.2 MPH) Julio Hernandez scores
|
Batting: LHB Bill McGregor
|
0-0: Ball 1-0: Called Strike 1-1: Ball 2-1: Swinging Strike 2-2: Strikes out swinging, 2-3 out at first.
|
Bottom of the 4th over - 1 run, 3 hits, 0 errors, 1 left on base; Erie 0 - Montgomery 2 |
TOP OF THE 5TH |
Erie SeaWolves batting - Pitching for Montgomery Biscuits : RHP Eric Smith
|
Batting: RHB Aaron Cusick
|
0-0: Ball 1-0: Ball 2-0: Called Strike 2-1: Swinging Strike 2-2: Strikes out swinging
|
Batting: RHB Adam MacConnell
|
0-0: Ball 1-0: Called Strike 1-1: Ball 2-1: Fly out, F5 (Popup, 56S, EV 76.2 MPH)
|
Batting: RHB Carlos Armenteros
|
0-0: Ball 1-0: Ball 2-0: Ball 3-0: Called Strike 3-1: Foul Ball, location: 2F 3-2: SINGLE (Line Drive, 5D, EV 101.9 MPH)
|
Batting: LHB Luis Dominguez
|
0-0: Ball 1-0: Ball 2-0: Called Strike 2-1: Foul Ball, location: 2F 2-2: Ball 3-2: Ground out U3 (Groundball, 3L, EV 91.9 MPH)
|
Top of the 5th over - 0 runs, 1 hit, 0 errors, 1 left on base; Erie 0 - Montgomery 2 |
BOTTOM OF THE 5TH |
Montgomery Biscuits batting - Pitching for Erie SeaWolves : RHP Adam Huemmer
|
Batting: LHB Mark Marvin
|
0-0: Foul Ball, location: 2F 0-1: Foul Ball, location: 2F 0-2: Ball 1-2: Ball 2-2: Foul Ball, location: 2F 2-2: Ball 3-2: Fly out, F7 (Line Drive, 7S, EV 103.1 MPH)
|
Batting: SHB Lou Kroneman
|
0-0: Ball 1-0: Ball 2-0: Ball 3-0: Called Strike 3-1: Foul Ball, location: 2F 3-2: Base on Balls
|
Batting: RHB David Ward
|
0-0: DOUBLE (Line Drive, 7LS, EV 96.2 MPH) Lou Kroneman to third Runner from 3rd tries for Home, SAFE, throw by LF to trailing runner, OUT at third! 7-3-5
|
Batting: RHB Jonathan Fraire
|
0-0: DOUBLE (Flyball, 78D, EV 89.4 MPH)
|
Batting: SHB Wayne Hattan
|
0-0: Ball 1-0: Called Strike 1-1: DOUBLE (Groundball, 3L, EV 103.8 MPH) Jonathan Fraire scores
|
Batting: SHB Julio Hernandez
|
0-0: Called Strike 0-1: Fly out, F8 (Flyball, 8RD, EV 101.9 MPH)
|
Bottom of the 5th over - 2 runs, 3 hits, 0 errors, 1 left on base; Erie 0 - Montgomery 4 |
TOP OF THE 6TH |
Erie SeaWolves batting - Pitching for Montgomery Biscuits : RHP Eric Smith
|
Batting: SHB Shohei Fujii
|
0-0: Ground out 4-3 (Groundball, 34D, EV 93.1 MPH)
|
Batting: RHB Eric Angelle
|
0-0: Ball 1-0: Swinging Strike 1-1: Ball 2-1: Ball 3-1: Called Strike 3-2: Strikes out looking
|
Batting: RHB Victor Reyes
|
0-0: Foul Ball, location: 2F 0-1: Swinging Strike 0-2: Ground out 6-3 (Groundball, 6, EV 87.5 MPH)
|
Top of the 6th over - 0 runs, 0 hits, 0 errors, 0 left on base; Erie 0 - Montgomery 4 |
BOTTOM OF THE 6TH |
Montgomery Biscuits batting - Pitching for Erie SeaWolves : RHP Adam Huemmer
|
Pitching: RHP Branden Maynard
|
|
Batting: LHB Alex Genao
|
0-0: Fly out, F4 (Popup, 4, EV 63.8 MPH)
|
Batting: RHB Chris Glavin
|
0-0: Ball 1-0: Called Strike 1-1: Foul Ball, location: 2F 1-2: Foul Ball, location: 2F 1-2: Strikes out swinging
|
Batting: LHB Bill McGregor
|
0-0: Called Strike 0-1: Ball 1-1: Foul Ball, location: 2F 1-2: Strikes out swinging
|
Bottom of the 6th over - 0 runs, 0 hits, 0 errors, 0 left on base; Erie 0 - Montgomery 4 |
TOP OF THE 7TH |
Erie SeaWolves batting - Pitching for Montgomery Biscuits : RHP Eric Smith
|
Pitching: RHP Luis Cubero
|
|
Batting: RHB John Evancho
|
0-0: Fly out, F9 (Flyball, 9, EV 81.2 MPH)
|
Batting: RHB Steve Clark
|
0-0: DOUBLE (Line Drive, 8RXD, EV 107.5 MPH)
|
Batting: RHB Aaron Cusick
|
0-0: Foul Ball, location: 2F 0-1: Ball 1-1: Called Strike 1-2: Foul Ball, location: 2F 1-2: DOUBLE (Line Drive, 3D, EV 106.9 MPH) Steve Clark scores
|
Batting: RHB Adam MacConnell
|
0-0: Ball 1-0: Called Strike 1-1: Foul Ball, location: 2F 1-2: Fly out, F8 (Flyball, 8RS, EV 85.0 MPH)
|
Batting: RHB Carlos Armenteros
|
0-0: Ground out 4-3 (Groundball, 4, EV 85.0 MPH)
|
Top of the 7th over - 1 run, 2 hits, 0 errors, 1 left on base; Erie 1 - Montgomery 4 |
BOTTOM OF THE 7TH |
Montgomery Biscuits batting - Pitching for Erie SeaWolves : RHP Branden Maynard
|
Batting: LHB Mark Marvin
|
0-0: Ball 1-0: DOUBLE (Flyball, 8LD, EV 108.1 MPH)
|
Batting: SHB Lou Kroneman
|
0-0: Called Strike 0-1: Ball 1-1: SINGLE (Groundball, 25, EV 63.1 MPH) (infield hit) Mark Marvin to third
|
Batting: RHB David Ward
|
0-0: Foul Ball, location: 2F 0-1: Grounds into double play, 6-4-3 (Groundball, 6D, EV 102.5 MPH) Mark Marvin scores
|
Batting: RHB Jonathan Fraire
|
0-0: Called Strike 0-1: Fly out, F5 (Popup, 56, EV 83.1 MPH)
|
Bottom of the 7th over - 1 run, 2 hits, 0 errors, 0 left on base; Erie 1 - Montgomery 5 |
TOP OF THE 8TH |
Erie SeaWolves batting - Pitching for Montgomery Biscuits : RHP Luis Cubero
|
Batting: LHB Luis Dominguez
|
0-0: Ball 1-0: TRIPLE (Flyball, 9D, EV 104.4 MPH)
|
Batting: SHB Shohei Fujii
|
0-0: Ball 1-0: Ball 2-0: Called Strike 2-1: Foul Ball, location: 2F 2-2: Ball 3-2: Strikes out swinging
|
Batting: RHB Eric Angelle
|
0-0: Foul Ball, location: 2F 0-1: Ball 1-1: Ball 2-1: Ball 3-1: Swinging Strike 3-2: Ground out 6-3 (Groundball, 6, EV 81.2 MPH) Luis Dominguez scores
|
Batting: RHB Victor Reyes
|
0-0: Ball 1-0: Foul Ball, location: 2F 1-1: Ball 2-1: Foul Ball, location: 2F 2-2: SINGLE (Groundball, 6MD, EV 102.5 MPH)
|
Batting: RHB John Evancho
|
0-0: Foul Ball, location: 2F 0-1: Ball 1-1: SINGLE (Groundball, 6MD, EV 101.9 MPH) Victor Reyes to second
|
Batting: RHB Steve Clark
|
0-0: Ball 1-0: Ground out 1-3 (Groundball, 15, EV 72.5 MPH)
|
Top of the 8th over - 1 run, 3 hits, 0 errors, 2 left on base; Erie 2 - Montgomery 5 |
BOTTOM OF THE 8TH |
Montgomery Biscuits batting - Pitching for Erie SeaWolves : RHP Branden Maynard
|
Batting: SHB Wayne Hattan
|
0-0: Called Strike 0-1: Called Strike 0-2: Strikes out swinging
|
Batting: SHB Julio Hernandez
|
0-0: Called Strike 0-1: Ball 1-1: Ground out 4-3 (Groundball, 4, EV 84.4 MPH)
|
Batting: LHB Alex Genao
|
0-0: Ground out 6-3 (Groundball, 6M, EV 77.5 MPH)
|
Bottom of the 8th over - 0 runs, 0 hits, 0 errors, 0 left on base; Erie 2 - Montgomery 5 |
TOP OF THE 9TH |
Erie SeaWolves batting - Pitching for Montgomery Biscuits : RHP Luis Cubero
|
Pitching: RHP Al Speer
|
|
Batting: RHB Aaron Cusick
|
0-0: Called Strike 0-1: Ball 1-1: Called Strike 1-2: Ball 2-2: Foul Ball, location: 2F 2-2: Strikes out swinging
|
Batting: RHB Adam MacConnell
|
0-0: Ground out 6-3 (Groundball, 56, EV 105.6 MPH)
|
Batting: RHB Carlos Armenteros
|
0-0: Ball 1-0: SINGLE (Groundball, 4D, EV 105.6 MPH)
|
Batting: LHB Luis Dominguez
|
0-0: Ball 1-0: Foul Ball, location: 2F 1-1: Swinging Strike 1-2: Foul Ball, location: 2F 1-2: Fielders Choice at 2nd, 5-4 (Groundball, 56, EV 81.9 MPH)
|
Top of the 9th over - 0 runs, 1 hit, 0 errors, 1 left on base; Erie 2 - Montgomery 5 |
|